 Dungeon Crawl Stone Soup version 0.21.1-1-g345015f (webtiles) character file.

11413 erloom the Fighter (level 11, -4/78 HPs)
             Began as a Gargoyle Fighter on Mar 10, 2018.
             Was the Champion of Okawaru.
             Engulfed by a fire crab's flame (14 damage)
             ... on level 2 of the Lair of Beasts.
             The game lasted 00:28:08 (9440 turns).

erloom the Fighter (Gargoyle Fighter)               Turns: 9440, Time: 00:28:08

Health: -4/78      AC: 25    Str: 20    XL:     11   Next: 77%
Magic:  11/13      EV:  9    Int: 12    God:    Okawaru [******]
Gold:   498        SH: 12    Dex: 11    Spells: 10/10 levels left

rFire    . . .     SeeInvis .   s - +2 whip (flame)
rCold    . . .     Gourm    .   c - +0 shield
rNeg     + . .     Faith    +   F - +0 plate armour
rPois    ∞         Spirit   .   O - +0 helmet
rElec    +         Reflect  .   D - +0 cloak
rCorr    .         Harm     .   (no gloves)
MR       .....                  (no boots)
Stlth    ..........             r - amulet of faith
HPRegen  0.23/turn              x - +2 ring of dexterity
MPRegen  0.13/turn              k - ring of stealth

@: heroism
A: negative energy resistance 1, electricity resistance, unbreathing,
petrification resistance, rot immunity, AC +8
a: Heroism, Finesse, Renounce Religion


You were on level 2 of the Lair of Beasts.
You worshipped Okawaru.
Okawaru was exalted by your worship.
You were not hungry.

You visited 3 branches of the dungeon, and saw 13 of its levels.

You collected 498 gold pieces.

Inventory:

Hand Weapons
 a - a +2 flail
 s - a +2 whip of flaming (weapon)
Missiles
 v - 2 tomahawks (quivered)
 L - a throwing net
Armour
 b - a +1 scale mail
 c - a +0 shield (worn)
 D - a +0 cloak (worn)
 F - a +0 plate armour (worn)
 O - a +0 helmet (worn)
 P - the +1 robe "Xythek" {rF+ Int-3 Dex+2 SInv}
   (Okawaru gifted it to you on level 1 of the Lair of Beasts)

   It affects your intelligence (-3).
   It affects your dexterity (+2).
   It protects you from fire.
   It lets you see invisible.
Jewellery
 j - an uncursed ring of poison resistance
 k - a ring of stealth (right hand)
 n - an uncursed ring of ice
 r - an amulet of faith (around neck)
 u - an uncursed ring of magical power
 x - a +2 ring of dexterity (left hand)
 N - an uncursed ring of ice
Wands
 y - a wand of digging (15)
 G - a wand of flame (17)
Scrolls
 g - 6 scrolls of remove curse
 h - 3 scrolls of teleportation
 l - a scroll of immolation {unknown}
 o - 2 scrolls of fear
 C - 2 scrolls of fog {unknown}
 I - 2 scrolls of magic mapping
 J - a scroll of amnesia
 K - a scroll of noise {unknown}
 M - a scroll of identify
Potions
 d - a potion of haste {unknown}
 e - 2 potions of berserk rage {unknown}
 i - 2 potions of curing
 m - 2 potions of degeneration
 p - a potion of mutation
 q - a potion of heal wounds
 t - 4 potions of flight
 w - 2 potions of resistance
 z - a potion of agility {unknown}
 A - 3 potions of ambrosia {unknown}
 E - 3 potions of lignification {unknown}
 H - 2 potions of brilliance {unknown}
Comestibles
 f - 28 rations
 B - 3 chunks of flesh


   Skills:
 + Level 13.0(18.0) Fighting
 + Level 11.8(16.8) Maces & Flails
 - Level 5.0(10.0) Armour
 + Level 3.9(8.9) Dodging
 - Level 5.0(10.0) Shields
 - Level 3.0 Invocations


You had 10 spell levels left.
You didn't know any spells.

Dungeon Overview and Level Annotations

Branches:
Dungeon (10/15)            Temple (1/1) D:4            Lair (2/6) D:8
  Swamp: Lair:2-4    Shoals: Lair:2-4     Snake: Lair:2-4    Spider: Lair:2-4
    Orc: D:9-12

Altars:
Ashenzari
Cheibriados
Dithmenos
Elyvilon
Fedhas
Gozag
Hepliaklqana
Kikubaaqudgha
Makhleb
Nemelex Xobeh
Okawaru
Qazlal
Ru
Sif Muna
Uskayaw
Vehumet
Wu Jian
Xom
Yredelemnul
Zin
The Shining One

Shops:
D:4 :   D:5 ?

Annotations:
D:9 exclusion: statue


Innate Abilities, Weirdness & Mutations

You are resistant to torment.
Your stone body is resilient. (AC +8)
You are immune to poison.
You resist negative energy. (rN+)
You are resistant to electric shocks. (rElec)
You can survive without breathing.
You are immune to petrification.
You are immune to rotting.


Message History

The fungus is destroyed!
You hit the fire crab.
The fire crab is moderately wounded.
The fire crab breathes flames at you. The blast of flame engulfs you!
Your shield and plate armour prevent you from hitting the fire crab.
The fire crab is moderately wounded.
You are engulfed in blazing flames.
You hit the fire crab but do no damage.
The fire crab is moderately wounded.
You are engulfed in blazing flames.
The fire crab bites you.
You are engulfed in flames!
* * * LOW HITPOINT WARNING * * *
The fire crab closely misses you.
Okay, then.
You are engulfed in blazing flames.
The fire crab breathes flames at you. The blast of flame engulfs you!
You are engulfed in blazing flames.
You die...

.# ....#....... ..##
.#......#.#....
.P..###..P...........
.............(..>...
..................# .
.................##..
..........§§§........
.......<..§§§§§......
.######.#P§@§§t......
... #.#P.###§§§§§...#.#
.#... #......#..§(.##.#
..... #......#......# ..
.#.... #.....##.........
. ......
#.....#......#...
#....##.....##.....##...
#.....#.....##.....# ...
.#.......#+###......#


You could see a fire crab.

Vanquished Creatures
  2 hydras (D:8)
  2 two-headed ogres
  A death yak (Lair:1)
  Pikel (D:5)
  An ugly thing (D:9)
  A black mamba (Lair:1)
  3 spiny frogs
  5 blink frogs (Lair:1)
  2 hippogriffs (D:9)
  5 yaks (Lair:1)
  A basilisk (Lair:1)
  2 water moccasins (Lair:1)
  5 porcupines (Lair:1)
  2 ice beasts
  A sky beast (D:9)
  2 slaves (D:4)
  A black bear (D:9)
  4 ogres
  2 phantoms
  4 centaurs
  A crocodile (Lair:1)
  6 bullfrogs
  5 scorpions
  6 killer bees (D:9)
  2 howler monkeys (D:7)
  An electric eel (Lair:2)
  A jelly (D:4)
  2 crimson imps
  4 hounds
  2 orc priests
  A bullfrog skeleton (D:9)
  8 orc wizards
  Crazy Yiuf (D:6)
  2 iguanas
  6 worker ants
  A hound skeleton (D:3)
  9 adders
  A shadow imp (D:7)
  3 oozes
  2 adder skeletons (D:4)
  An adder zombie (D:5)
  A worm (D:3)
  3 dart slugs (D:1)
  7 leopard geckos
  34 orcs
  2 giant cockroaches
  6 hobgoblins
  8 jackals
  4 quokkas
  3 ball pythons
  11 bats
  6 frilled lizards
  6 goblins
  2 jackal skeletons
  4 kobolds
  9 rats
218 creatures vanquished.

Vanquished Creatures (others)
  A fungus (Lair:2)
1 creature vanquished.

Grand Total: 219 creatures vanquished

Notes
Turn   | Place    | Note
-------+----------+-------------------------------------------
     0 | D:1      | erloom the Gargoyle Fighter began the quest for the Orb.
     0 | D:1      | Reached XP level 1. HP: 14/14 MP: 1/1
    83 | D:1      | Reached XP level 2. HP: 14/19 MP: 2/2
   470 | D:1      | Reached XP level 3. HP: 21/24 MP: 3/3
   517 | D:1      | Reached skill level 4 in Fighting
   859 | D:2      | Found a glowing silver altar of Zin.
   860 | D:2      | Found a blossoming altar of Fedhas.
   877 | D:2      | Found a sparkling altar of Nemelex Xobeh.
   878 | D:2      | Found a white marble altar of Elyvilon.
   981 | D:2      | Reached XP level 4. HP: 30/30 MP: 4/4
  1409 | D:3      | Reached XP level 5. HP: 30/34 MP: 5/5
  1561 | D:3      | Found a faded altar of an unknown god.
  1631 | D:3      | Reached skill level 5 in Fighting
  2227 | D:4      | Reached XP level 6. HP: 40/40 MP: 6/6
  2233 | D:4      | Found Josyacwu's Book Shoppe.
  2566 | D:4      | Reached skill level 6 in Fighting
  2566 | D:4      | Reached skill level 5 in Maces & Flails
  2935 | D:4      | Found a staircase to the Ecumenical Temple.
  2944 | Temple   | Entered the Ecumenical Temple
  2960 | Temple   | Became a worshipper of Warmaster Okawaru
  3093 | D:4      | Reached XP level 7. HP: 47/47 MP: 7/7
  3330 | D:5      | Entered Level 5 of the Dungeon
  3600 | D:5      | Found Utunlob's Magic Scroll Emporium.
  3703 | D:5      | Reached * piety under Okawaru
  3703 | D:5      | Reached skill level 7 in Fighting
  3831 | D:5      | Noticed Pikel
  3845 | D:5      | Killed Pikel
  3845 | D:5      | Reached ** piety under Okawaru
  3845 | D:5      | Reached skill level 8 in Fighting
  3845 | D:5      | Reached XP level 8. HP: 49/54 MP: 8/8
  4203 | D:6      | You fall through a shaft for 3 floors!
  4240 | D:9      | Found a shimmering altar of Xom.
  4240 | D:9      | Noticed a hippogriff
  4257 | D:9      | Killed a hippogriff
  4257 | D:9      | Reached *** piety under Okawaru
  4335 | D:9      | Reached skill level 9 in Fighting
  4343 | D:9      | Reached XP level 9. HP: 50/60 MP: 9/9
  4544 | D:10     | Entered Level 10 of the Dungeon
  4625 | D:9      | Reached **** piety under Okawaru
  5182 | D:8      | Found a staircase to the Lair.
  5295 | D:8      | Reached skill level 10 in Fighting
  6432 | D:6      | Reached skill level 11 in Fighting
  6497 | D:6      | Reached XP level 10. HP: 69/69 MP: 10/10
  6536 | D:6      | Found a runed door.
  6540 | D:6      | Noticed Crazy Yiuf
  6544 | D:6      | Killed Crazy Yiuf
  6544 | D:6      | Reached skill level 10 in Maces & Flails
  6792 | D:8      | Noticed a two-headed ogre
  6806 | D:8      | Killed a two-headed ogre
  6806 | D:8      | Reached ***** piety under Okawaru
  7482 | D:9      | Noticed a two-headed ogre
  7501 | D:9      | Killed a two-headed ogre
  7522 | D:9      | Found a radiant altar of Vehumet.
  7578 | D:9      | Noticed a brown ugly thing
  7599 | D:9      | Killed a brown ugly thing
  7599 | D:9      | Reached skill level 12 in Fighting
  7647 | D:9      | Found a hazy altar of Hepliaklqana.
  7684 | D:9      | Found a shadowy altar of Dithmenos.
  7827 | Lair:1   | Entered Level 1 of the Lair of Beasts
  7827 | Lair:1   | Noticed an eight-headed hydra
  7827 | Lair:1   | Noticed a spiny frog
  7829 | Lair:1   | Noticed a seven-headed hydra
  7848 | D:8      | Killed a spiny frog
  7865 | D:8      | Killed a seven-headed hydra
  7865 | D:8      | Reached skill level 1 in Dodging
  7872 | D:8      | Killed an eight-headed hydra
  7872 | D:8      | Reached XP level 11. HP: 20/76 MP: 8/13
  8509 | Lair:1   | Reached skill level 5 in Armour
  8509 | Lair:1   | Reached skill level 5 in Shields
  8587 | Lair:1   | Reached ****** piety under Okawaru
  8847 | Lair:1   | Received a gift from Okawaru
  8884 | Lair:1   | Got a fine robe {god gift}
  8976 | Lair:1   | Identified the +1 robe "Xythek" {rF+ Int-3 Dex+2 SInv} (Okawaru gifted it to you on level 1 of the Lair of Beasts)
  9290 | Lair:2   | Noticed a death yak
  9292 | Lair:2   | Noticed a death yak
  9299 | Lair:2   | Noticed a death yak
  9301 | Lair:2   | Noticed a death yak
  9322 | Lair:1   | Killed a death yak
  9368 | Lair:2   | Reached skill level 13 in Fighting
  9427 | Lair:2   | Noticed a fire crab
  9440 | Lair:2   | Engulfed by a fire crab's flame

Skill      XL: |  1  2  3  4  5  6  7  8  9 10 11 |
---------------+----------------------------------+-----
Fighting       | 4 5 6 8 9 11 12 13 | 13.0
Maces & Flails | 3 4 5 7 8 9 11 | 11.8
Invocations    | 3 |  3.0
Armour         | 4 5 |  5.0
Dodging        | 2 3 |  3.9
Shields        | 4 5 |  5.0

Action                   |  1- 3 |  4- 6 |  7- 9 | 10-12 || total
-------------------------+-------+-------+-------+-------++-------
Melee: Flail             |   143 |   232 |    90 |       ||   465
       Whip              |       |       |   400 |   370 ||   770
Invok: Heroism           |       |       |     1 |     6 ||     7
       Finesse           |       |       |       |     1 ||     1
  Use: Scroll            |       |    11 |     5 |     2 ||    18
       Potion            |       |       |     2 |     2 ||     4
  Eat: Chunk             |     1 |     6 |     9 |     9 ||    25
       Ration            |       |       |     1 |       ||     1
Armor: Scale mail        |   104 |    96 |    57 |       ||   257
       Ring mail         |       |     9 |       |       ||     9
       Plate armour      |       |       |   154 |   147 ||   301
Dodge: Dodged            |    52 |    61 |    65 |    37 ||   215
Block: Shield            |    90 |   124 |   159 |   112 ||   485
